[Event "Titled Tuesday Blitz May 16 Early 2023"]
[White "Hnydiuk, Aleksander"]
[Black "Boder, Jan"]
[WhiteFideId "1109057"]
[BlackFideId "16243226"]
[WhiteElo "2374"]
[BlackElo "2241"]
[Result "1-0"]
[Round "01"]
[TimeControl "180+2"]
[Date "2023.05.16"]
[WhiteClock "0:00:11"]
[BlackClock "0:00:15"]

1. Nf3 c5 2. c4 g6 3. e4 Nc6 4. d4 cxd4 5. Nxd4 Nf6 6. Nc3 d6 7. Be2 Nxd4 8. Qxd4 Bg7 9. Be3 O-O 10. Qd2 Be6 11. Rc1 Qa5 12. f3 Rfc8 13. b3 a6 14. Na4 Qxd2+ 15. Kxd2 Nd7 16. g4 f5 17. exf5 gxf5 18. h3 Rf8 19. f4 Nf6 20. Rhg1 Ne4+ 21. Ke1 Kh8 22. Bd3 Rac8 23. Ke2 Rc6 24. Kf3 d5 25. gxf5 Bxf5 26. cxd5 Rxc1 27. Rxc1 Ng5+ 28. Ke2 Ne4 29. Rc7 b5 30. Bxe4 Bxe4 31. Nc3 Bg2 32. h4 b4 33. Na4 Bxd5 34. Rxe7 Rc8 35. Rd7 Be6 36. Rd6 Bg4+ 37. Kf2 a5 38. Kg3 Bh5 39. Bd4 Bxd4 40. Rxd4 Rc2 41. Rd8+ Kg7 42. Rd7+ Bf7 43. Rd6 Rxa2 44. Kg4 Bxb3 45. Rd7+ Bf7 46. Nc5 Rg2+ 47. Kf3 Rh2 48. Ne6+ Kf6 49. Ng5 Rxh4 50. Rxf7+ Kg6 51. Rb7 Rh1 52. Kg4 Rg1+ 53. Kf3 Rb1 54. Rb6+ Kg7 55. f5 a4 56. Ne6+ Kf6 57. Nd4+ Ke5 58. Ke3 Re1+ 59. Kd2 Rh1 60. Nf3+ Kf4 61. Nd4 b3 62. f6 Ke4 63. f7 Rf1 64. Ne6 Rxf7 65. Ng5+ Kd4 66. Nxf7 Kc5 67. Rb8 Kc4 68. Kc1 a3 69. Rc8+ Kb4 70. Rb8+ Kc3 71. Rc8+ Kb4 72. Kb1 h5 73. Ng5 h4 74. Nh3 Ka4 75. Rb8 b2 76. Ka2 Ka5 77. Rb3 Ka4 78. Rxa3+ Kb4 79. Rb3+ Kc4 80. Rxb2 Kd4 81. Rb3 Ke4 82. Kb2 Kf5 83. Kc2 Kg4 84. Kd2 Kf5 85. Ke2 Kg4 86. Kf2 Kf5 87. Kg2 Ke6 88. Rb4 Kd5 89. Rxh4 Kc5 90. Rf4 Kd5 91. Kf3 Ke5 92. Re4+ Kd5 93. Ke3 1-0


[Site "https://www.chess.com"]

[Event "Titled Tuesday Blitz May 16 Early 2023"]
[White "mjelcic"]
[Black "Berezin, Viktor"]
[BlackFideId "14107872"]
[WhiteElo "2236"]
[BlackElo "2310"]
[Result "1-0"]
[Round "01"]
[TimeControl "180+2"]
[Date "2023.05.16"]
[WhiteClock "0:01:40"]
[BlackClock "0:00:55"]

1. c4 Nf6 2. g3 g6 3. Bg2 Bg7 4. Nc3 O-O 5. Nf3 d6 6. O-O Nc6 7. d3 e5 8. Rb1 Re8 9. Bg5 h6 10. Bxf6 Bxf6 11. b4 Bg7 12. b5 Nd4 13. Nxd4 exd4 14. Nd5 Rb8 15. a4 Bg4 16. Bf3 Bxf3 17. exf3 h5 18. Re1 Qd7 19. Qd2 h4 20. Qf4 hxg3 21. fxg3 f5 22. Qg5 Kf7 23. Kf2 c6 24. bxc6 bxc6 25. Rxb8 Rxe1 26. Nf4 Re6 27. Nxe6 Qxe6 28. Rb7+ Kg8 29. Re7 Bh6 30. Rxe6 Bxg5 31. Rxg6+ 1-0


[Site "https://www.chess.com"]

[Event "Titled Tuesday Blitz May 16 Early 2023"]
[White "Isajevsky, Anton"]
[Black "Chakravarthi Reddy, M"]
[WhiteFideId "4142500"]
[BlackFideId "25009532"]
[WhiteElo "2510"]
[BlackElo "2201"]
[Result "1-0"]
[Round "01"]
[TimeControl "180+2"]
[Date "2023.05.16"]
[WhiteClock "0:00:11"]
[BlackClock "0:00:07"]

1. c4 e5 2. g3 d5 3. cxd5 Qxd5 4. Nf3 Nc6 5. Nc3 Qd8 6. Bg2 Nf6 7. O-O h6 8. a3 a5 9. d3 Bd6 10. Be3 O-O 11. Rc1 Re8 12. Na4 e4 13. dxe4 Nxe4 14. Nd2 Bf5 15. Nxe4 Bxe4 16. Bxe4 Rxe4 17. Nc3 Re5 18. Bf4 Re6 19. Nd5 Bxf4 20. Nxf4 Rd6 21. Qa4 Qf6 22. Qb5 Rb8 23. Rfd1 Nd4 24. Qxa5 g5 25. Qxc7 Rbd8 26. Rxd4 Rxd4 27. Nd3 R4d7 28. Qc3 Qe6 29. Rc2 Rd6 30. Qc7 R6d7 31. Qa5 Rd5 32. Qb4 R5d7 33. Kg2 Qd5+ 34. f3 Qd4 35. Qxd4 Rxd4 36. Kf2 f6 37. Rc3 b6 38. Ke3 R4d6 39. Rc7 Re8+ 40. Kf2 Rde6 41. Rc2 f5 42. Nb4 h5 43. Nd5 h4 44. gxh4 gxh4 45. Nf4 Rd6 46. Ng2 h3 47. Nf4 Rh6 48. Kg3 Kf7 49. Rc7+ Re7 50. Rxe7+ Kxe7 51. Nxh3 Rc6 52. Nf4 Rc2 53. b4 Ra2 54. h4 Rxa3 55. h5 Kd6 56. h6 Ra7 57. Kh4 Ke5 58. Kg5 Rc7 59. Ng6+ Ke6 60. h7 Rxh7 61. Nf8+ Kd5 62. Nxh7 Kc4 63. Kxf5 Kxb4 64. e4 Ka3 65. e5 b5 66. e6 b4 67. e7 b3 68. e8=Q b2 69. Qa8+ Kb3 70. Qb7+ Ka2 71. Ke4 b1=Q+ 72. Qxb1+ Kxb1 73. f4 1-0


[Site "https://www.chess.com"]

[Event "Titled Tuesday Blitz May 16 Early 2023"]
[White "ChawitAp"]
[Black "Gatineau, Yovann"]
[BlackFideId "26028999"]
[WhiteElo "2232"]
[BlackElo "2258"]
[Result "0-1"]
[Round "01"]
[TimeControl "180+2"]
[Date "2023.05.16"]
[WhiteClock "0:00:00"]
[BlackClock "0:00:46"]

1. d4 c5 2. c3 cxd4 3. cxd4 Nf6 4. Nf3 d5 5. Nc3 Nc6 6. Bf4 a6 7. e3 Bg4 8. Rc1 e6 9. Qb3 Bxf3 10. gxf3 Bb4 11. a3 Bxc3+ 12. Qxc3 O-O 13. Bd3 Rc8 14. O-O Nh5 15. Bg3 f5 16. Qb3 Qe7 17. Be5 f4 18. e4 Nxe5 19. dxe5 Qg5+ 20. Kh1 Qxe5 21. Rxc8 Rxc8 22. Qxb7 Rb8 23. Qd7 Nf6 24. Qa7 dxe4 0-1


[Site "https://www.chess.com"]

[Event "Titled Tuesday Blitz May 16 Early 2023"]
[White "Spata, German"]
[Black "mestrefeitosa19"]
[WhiteFideId "113026"]
[WhiteElo "2260"]
[BlackElo "2232"]
[Result "1-0"]
[Round "01"]
[TimeControl "180+2"]
[Date "2023.05.16"]
[WhiteClock "0:00:40"]
[BlackClock "0:00:14"]

1. Nf3 d5 2. e3 Nf6 3. d4 e6 4. Be2 Be7 5. O-O O-O 6. b3 b6 7. Bb2 Bb7 8. c4 Nbd7 9. Nc3 c5 10. cxd5 Nxd5 11. Rc1 Nxc3 12. Bxc3 Nf6 13. dxc5 Bxc5 14. Qxd8 Rfxd8 15. Bxf6 gxf6 16. Rfd1 Be4 17. Nd2 Bb7 18. Bf3 Bxf3 19. Nxf3 e5 20. Kf1 Ba3 21. Rxd8+ Rxd8 22. Rc7 Rd1+ 23. Ke2 Ra1 24. Rxa7 Rxa2+ 25. Kd3 b5 26. b4 Ra1 27. Nh4 Kg7 28. Ke4 Rc1 29. Nf5+ Kg6 30. Ne7+ Kg5 31. Rxa3 Rc4+ 32. Kd3 Rxb4 33. Ra2 Rc4 34. e4 Rd4+ 35. Ke3 Rc4 36. Rb2 Rc3+ 37. Ke2 Rc4 38. f3 Rc5 39. g3 h5 40. h4+ Kh6 41. Kd3 Kg7 42. Nd5 Rc1 43. Ne3 Rg1 44. Rxb5 Rxg3 45. Nf5+ Kg6 46. Nxg3 1-0


[Site "https://www.chess.com"]

[Event "Titled Tuesday Blitz May 16 Early 2023"]
[White "Jakic, Ivan"]
[Black "HamedWafa4"]
[WhiteFideId "14504901"]
[WhiteElo "2370"]
[BlackElo "2576"]
[Result "0-1"]
[Round "01"]
[TimeControl "180+2"]
[Date "2023.05.16"]
[WhiteClock "0:01:40"]
[BlackClock "0:00:33"]

1. e4 e5 2. Nf3 Nc6 3. Bb5 a6 4. Ba4 Nf6 5. d4 exd4 6. O-O Be7 7. e5 Ne4 8. Nxd4 Nc5 9. Nf5 Bf8 10. Bxc6 dxc6 11. Qxd8+ Kxd8 12. Rd1+ Ke8 13. Nd4 Ne6 14. Be3 Nxd4 15. Bxd4 Be6 16. Nc3 Rd8 17. Ne4 Be7 18. b3 Bf5 19. f3 Bxe4 20. fxe4 Bb4 21. Kf1 c5 22. Bb2 Ke7 23. Ke2 Ke6 24. c4 b5 25. Rd5 c6 26. Rdd1 Ba5 27. cxb5 cxb5 28. Rac1 Bb6 29. g3 Rxd1 30. Rxd1 Rd8 31. Rc1 Rc8 32. Rd1 Rd8 33. Rc1 a5 34. Rc2 Rd7 35. Bc3 c4 36. bxc4 b4 37. Bb2 Bc5 38. Ba1 Bd4 39. Bxd4 Rxd4 40. Ke3 Kxe5 41. c5 Rxe4+ 42. Kf3 Rd4 43. c6 Rd8 44. c7 Rc8 45. Rc5+ Kd6 46. Rxa5 Rxc7 47. Rb5 Rc3+ 48. Kg4 Rc4+ 49. Kh3 Ke6 50. Rb7 Kf6 51. Kg2 Rc2+ 52. Kh3 Rb2 53. Rb5 Kg6 54. Kg4 Rxh2 55. Rxb4 Rxa2 56. Rb6+ f6 57. Kh3 Ra4 58. g4 h5 59. gxh5+ Kxh5 60. Rb7 g5 61. Rh7+ Kg6 62. Rh8 Ra3+ 63. Kg2 Kf5 64. Re8 Kg4 65. Re4+ Kh5 66. Rb4 f5 67. Kh2 f4 68. Kg2 Kg4 69. Rb2 Rg3+ 70. Kh2 Rh3+ 71. Kg2 f3+ 72. Kg1 Kg3 73. Ra2 f2+ 74. Rxf2 Rh1+ 75. Kxh1 Kxf2 76. Kh2 g4 77. Kh1 Kg3 78. Kg1 Kh3 79. Kh1 g3 80. Kg1 g2 81. Kf2 Kh2 82. Kf3 g1=Q 83. Ke2 Qg3 84. Kf1 Qa3 85. Ke2 Kg3 86. Kf1 Qb2 87. Ke1 Kf3 88. Kd1 Qb1+ 89. Kd2 Qb3 90. Kc1 Qa2 91. Kd1 Ke3 92. Kc1 Kd3 93. Kd1 Qa1# 0-1


[Site "https://www.chess.com"]

[Event "Titled Tuesday Blitz May 16 Early 2023"]
[White "Potkin, Vladimir"]
[Black "Zou, Brendan"]
[WhiteFideId "4131061"]
[BlackFideId "3221296"]
[WhiteElo "2474"]
[BlackElo "1852"]
[Result "1-0"]
[Round "01"]
[TimeControl "180+2"]
[Date "2023.05.16"]
[WhiteClock "0:02:05"]
[BlackClock "0:00:25"]

1. Nf3 Nf6 2. c4 e6 3. Nc3 d5 4. e3 Be7 5. b3 c5 6. cxd5 exd5 7. d4 O-O 8. Bb2 b6 9. Be2 h6 10. O-O Bf5 11. Rc1 Nc6 12. Ne5 Rc8 13. Bf3 Be6 14. Nb5 a6 15. Nc3 cxd4 16. Nxc6 Rxc6 17. Qxd4 Bc5 18. Qd3 a5 19. Rfd1 Rd6 20. Nb5 Rd7 21. h3 Ne4 22. Nd4 Ng5 23. Be2 Qe7 24. f4 Ne4 25. f5 Bxd4 26. Qxd4 f6 27. fxe6 Qxe6 28. Bf3 Re8 29. Bxe4 Qxe4 30. Qxe4 Rxe4 31. Kf2 Rde7 32. Bd4 1-0


[Site "https://www.chess.com"]

[Event "Titled Tuesday Blitz May 16 Early 2023"]
[White "Wimalasuriya, Kasun M."]
[Black "Tologon tegin, Semetei"]
[WhiteFideId "9906789"]
[BlackFideId "13800574"]
[WhiteElo "2227"]
[BlackElo "2247"]
[Result "1-0"]
[Round "01"]
[TimeControl "180+2"]
[Date "2023.05.16"]
[WhiteClock "0:00:05"]
[BlackClock "0:00:00"]

1. d4 d5 2. Nf3 e6 3. g3 c5 4. Bg2 Nf6 5. O-O Nc6 6. c4 dxc4 7. Qa4 Bd7 8. Qxc4 cxd4 9. Nxd4 Nxd4 10. Qxd4 Bc6 11. Bxc6+ bxc6 12. Qa4 Qb6 13. Nc3 Be7 14. Be3 Qb7 15. Rac1 O-O 16. Rc2 c5 17. Rfc1 Rac8 18. Bg5 h6 19. Bxf6 Bxf6 20. Ne4 Be7 21. Nxc5 Bxc5 22. Rxc5 Rxc5 23. Rxc5 Qxb2 24. Qc4 g6 25. Rc7 a5 26. Rc5 a4 27. Rb5 Qd2 28. e3 Rd8 29. Qxa4 Qe2 30. Rb1 Rd2 31. Qf4 Kg7 32. Qe5+ Kh7 33. Qf6 Rd1+ 34. Rxd1 Qxd1+ 35. Kg2 Kg8 36. Qd4 Qb1 37. a4 Qb7+ 38. Kg1 Qb1+ 39. Kg2 Qb7+ 40. e4 f5 41. Qe5 Kf7 42. a5 fxe4 43. Qf4+ Kg7 44. Qe3 h5 45. Qc3+ Kh7 46. Qe3 Kg7 47. Kh3 Qb5 48. Qxe4 Qxa5 49. Qxe6 Qb5 50. Qe7+ Kg8 51. Qe3 Qf1+ 52. Kh4 Qd1 53. h3 Qd8+ 54. Qg5 Qd4+ 55. f4 Kf7 56. Qe5 Qf2 57. Qd5+ Kf6 58. Qd6+ Kg7 59. Qe7+ Kh6 60. Qf8+ Kh7 61. Qf7+ Kh6 62. Qf6 Kh7 63. f5 1-0


[Site "https://www.chess.com"]

[Event "Titled Tuesday Blitz May 16 Early 2023"]
[White "Ibadov, Dashgyn"]
[Black "Kiseljova, Marya"]
[WhiteFideId "24107514"]
[BlackFideId "4155009"]
[WhiteElo "2208"]
[BlackElo "1831"]
[Result "1-0"]
[Round "01"]
[TimeControl "180+2"]
[Date "2023.05.16"]
[WhiteClock "0:02:23"]
[BlackClock "0:01:36"]

1. e4 c5 2. Nf3 Nc6 3. Bb5 e5 4. c3 a6 5. Ba4 b5 6. Bc2 Bd6 7. O-O Nge7 8. a4 b4 9. d4 exd4 10. cxd4 cxd4 11. Re1 O-O 12. e5 Bc5 13. Bxh7+ Kh8 14. Ng5 f6 15. Qh5 Ng8 16. Bxg8+ Kxg8 17. Qh7# 1-0


[Site "https://www.chess.com"]

[Event "Titled Tuesday Blitz May 16 Early 2023"]
[White "Hon, Eric"]
[Black "Al-Tarboush, Ward"]
[WhiteFideId "2097117"]
[BlackFideId "7601450"]
[WhiteElo "1918"]
[BlackElo "2265"]
[Result "0-1"]
[Round "01"]
[TimeControl "180+2"]
[Date "2023.05.16"]
[WhiteClock "0:00:14"]
[BlackClock "0:01:08"]

1. e4 e6 2. d4 d5 3. exd5 exd5 4. Qf3 Nf6 5. Bd3 Bg4 6. Qg3 Bd6 7. Qh4 Nc6 8. c3 O-O 9. f3 Re8+ 10. Ne2 Bh5 11. O-O Bg6 12. Bxg6 hxg6 13. Ng3 Qe7 14. Bf4 Bxf4 15. Qxf4 Qe3+ 16. Qxe3 Rxe3 17. Kf2 Re6 18. Nd2 Rae8 19. Rfe1 Rxe1 20. Rxe1 Rxe1 21. Kxe1 a5 22. a4 Nd8 23. Ke2 c6 24. Ke3 b5 25. Nb3 Nb7 26. axb5 cxb5 27. Kf4 a4 28. Nc5 Nd6 29. Nf1 Nc4 30. Nd3 Nh5+ 31. Kg4 f5+ 32. Kg5 Kf7 33. Ne5+ Ke6 34. Nxg6 Nf6 35. Nf4+ Kd6 36. Nd3 Ke6 37. h4 Ne8 38. Kf4 Kf6 39. Ne3 Nc7 40. Nxc4 dxc4 41. Nb4 Ne6+ 42. Ke3 g5 43. d5 f4+ 44. Ke4 Nc5+ 45. Kd4 Nb3+ 46. Ke4 Nd2+ 47. Kd4 Nb3+ 48. Ke4 gxh4 49. Kxf4 Nc5 50. Ke3 Ke5 51. f4+ Kd6 52. Kd4 Nb3+ 53. Ke4 Nc5+ 54. Kf3 Nd7 55. Ke4 Nf6+ 56. Kd4 Nh5 57. f5 Nf4 58. f6 Nxg2 59. f7 Ke7 60. Kc5 Kxf7 61. d6 Nf4 62. Kxb5 h3 63. d7 Ne6 64. Nc6 h2 65. Ne5+ Kg7 0-1


[Site "https://www.chess.com"]

[Event "Titled Tuesday Blitz May 16 Early 2023"]
[White "Santarius, Erik"]
[Black "Dahlgren, James Allen"]
[WhiteFideId "2025817"]
[BlackFideId "22256873"]
[WhiteElo "2300"]
[BlackElo "2201"]
[Result "1/2-1/2"]
[Round "01"]
[TimeControl "180+2"]
[Date "2023.05.16"]
[WhiteClock "0:00:23"]
[BlackClock "0:00:44"]

1. e4 c5 2. Nf3 e6 3. c3 d5 4. exd5 exd5 5. d4 Nf6 6. Bb5+ Nc6 7. O-O Be7 8. dxc5 O-O 9. Be3 Ne4 10. b4 Bf6 11. Nd4 a5 12. Bxc6 bxc6 13. Nxc6 Qc7 14. Nxa5 Nxc3 15. Nxc3 Bxc3 16. Rb1 Bf5 17. Rb3 Bxb4 18. Rxb4 Qxa5 19. Rd4 Qxc5 20. Rxd5 Qc2 21. Qxc2 Bxc2 22. Ra1 Rfd8 23. Rxd8+ Rxd8 24. Kf1 Rd1+ 25. Rxd1 Bxd1 26. Ke1 Ba4 27. Kd2 f5 28. Kc3 Kf7 29. Kb4 Bc6 30. g3 Ke6 31. Kc5 Kd7 32. Kb6 h5 33. Bf4 Ba4 34. h4 Kc8 35. Be5 g6 36. Bd4 Be8 37. Bc3 Bd7 38. Bb4 Be8 39. a3 Bd7 40. Kc5 Kc7 41. Ba5+ Kb7 42. Kd6 Bc6 43. Ke7 Be4 44. f4 Bf3 45. Kf7 Bg4 46. Bb4 Ka6 47. Kxg6 Kb5 48. Kf6 Ka4 49. Ke5 Bh3 50. Kd4 Bg4 51. Kc3 Bh3 52. Bf8 Bg4 53. Kd4 Bh3 54. Ke3 Bg4 55. Kd3 Bh3 56. Kd4 Bg4 57. Ke5 Bh3 58. Kf6 Bg4 59. Kg6 Kb3 1/2-1/2


[Site "https://www.chess.com"]

[Event "Titled Tuesday Blitz May 16 Early 2023"]
[White "Deepak, Katiyar"]
[Black "Hajiyev, Kanan"]
[WhiteFideId "5026792"]
[BlackFideId "13404148"]
[WhiteElo "2069"]
[BlackElo "2103"]
[Result "0-1"]
[Round "01"]
[TimeControl "180+2"]
[Date "2023.05.16"]
[WhiteClock "0:00:05"]
[BlackClock "0:01:16"]

1. Nf3 d5 2. g3 Nf6 3. Bg2 g6 4. O-O Bg7 5. d3 O-O 6. Nbd2 b6 7. e4 Bb7 8. Qe2 c5 9. Rd1 Nc6 10. c3 e5 11. exd5 Nxd5 12. Nc4 Re8 13. Bg5 f6 14. Be3 Kh8 15. a4 Qc7 16. Nh4 Rad8 17. Qd2 Nxe3 18. Qxe3 Ne7 19. Nf3 Nf5 20. Qe2 Rd7 21. Ne3 Nd6 22. Nd2 Bxg2 23. Kxg2 Red8 24. Ne4 Qc6 25. f3 Nf7 26. c4 f5 27. Nc3 h5 28. Ned5 Kh7 29. f4 exf4 30. gxf4 Bxc3 31. bxc3 Nh6 32. Qf3 Ng4 33. Re1 Qd6 34. h3 Nf6 35. Re5 Nxd5 36. Rxd5 Qf6 37. Re1 Qxc3 38. Rxd7+ Rxd7 39. Re8 Qxd3 40. Qxd3 Rxd3 41. Re7+ Kh6 42. Rxa7 Rd4 43. Rb7 Rxf4 44. Rxb6 Rxc4 45. a5 Ra4 46. a6 h4 47. Rc6 Ra2+ 48. Kf3 Ra3+ 49. Kg2 Kg5 50. Kf2 Rxh3 51. Rxc5 Ra3 52. Rc6 h3 53. Kg1 Ra2 54. Rb6 f4 55. Rb5+ Kg4 56. Rb6 g5 57. Rb3 f3 58. Rb1 Rxa6 59. Rf1 Ra2 60. Kh1 Kg3 61. Rg1+ Rg2 62. Rf1 Rh2+ 63. Kg1 f2+ 64. Rxf2 Rxf2 65. Kh1 Rf1# 0-1


[Site "https://www.chess.com"]

[Event "Titled Tuesday Blitz May 16 Early 2023"]
[White "Gheorghiu, Calin"]
[Black "Ruge, Edison"]
[WhiteFideId "1200305"]
[BlackFideId "4401000"]
[WhiteElo "2223"]
[BlackElo "2175"]
[Result "1-0"]
[Round "01"]
[TimeControl "180+2"]
[Date "2023.05.16"]
[WhiteClock "0:00:05"]
[BlackClock "0:00:00"]

1. e4 e5 2. Nf3 Nc6 3. Bb5 f5 4. d3 fxe4 5. dxe4 Nf6 6. Nc3 Bb4 7. O-O Bxc3 8. bxc3 d6 9. Bg5 O-O 10. Qd3 Kh8 11. a4 Qe8 12. a5 a6 13. Bc4 Qg6 14. Rfe1 Nh5 15. Qe3 Nf4 16. Bxf4 Rxf4 17. g3 Rf8 18. Nh4 Qh5 19. Be2 Qf7 20. Rf1 Bh3 21. Rfb1 Rab8 22. Rb2 Nd8 23. Rab1 h6 24. Bxa6 Ne6 25. Bxb7 Nc5 26. Bd5 Qh5 27. Rxb8 Bc8 28. Re1 Kh7 29. Ra8 Na6 30. c4 Nc5 31. c3 Na6 32. f3 Nc5 33. Rf1 g5 34. Nf5 Bxf5 35. Rxf8 Bh3 36. Rf7+ Kh8 37. Rf2 Ne6 38. Rb2 Qxf7 39. a6 1-0


[Site "https://www.chess.com"]

[Event "Titled Tuesday Blitz May 16 Early 2023"]
[White "Thiel, Thomas"]
[Black "Jaskolka, Tomasz"]
[WhiteFideId "4615964"]
[BlackFideId "1170791"]
[WhiteElo "2184"]
[BlackElo "2155"]
[Result "0-1"]
[Round "01"]
[TimeControl "180+2"]
[Date "2023.05.16"]
[WhiteClock "0:02:00"]
[BlackClock "0:02:05"]

1. e4 d5 2. exd5 Nf6 3. d4 Bg4 4. f3 Bf5 5. c4 e6 6. dxe6 Nc6 7. d5 Nb4 8. Qa4+ b5 9. Qxb5+ c6 10. dxc6 Nc2+ 11. Kf2 Qd4+ 12. Kg3 Nh5# 0-1


[Site "https://www.chess.com"]

[Event "Titled Tuesday Blitz May 16 Early 2023"]
[White "Nikologorskiy, Konstantin"]
[Black "Floresvillar Gonzalez, Luis Migu"]
[WhiteFideId "24111708"]
[BlackFideId "5100542"]
[WhiteElo "2273"]
[BlackElo "2040"]
[Result "1-0"]
[Round "01"]
[TimeControl "180+2"]
[Date "2023.05.16"]
[WhiteClock "0:02:03"]
[BlackClock "0:00:35"]

1. d4 e6 2. c4 d5 3. Nf3 Nf6 4. g3 c6 5. Bg2 Bd6 6. O-O Nbd7 7. b3 Qe7 8. Bb2 O-O 9. Nc3 Ne4 10. Nd2 f5 11. Ndxe4 fxe4 12. f3 exf3 13. exf3 dxc4 14. bxc4 e5 15. Re1 Qf6 16. Ne4 Qe7 17. Nxd6 Qxd6 18. dxe5 Qc5+ 19. Qd4 Qxd4+ 20. Bxd4 Re8 21. Rad1 Nb6 22. c5 Nd5 23. f4 Be6 24. Be4 Rad8 25. f5 Bf7 26. e6 Bh5 27. Rd2 Nf6 28. Bxf6 gxf6 29. Rd6 Kf8 30. h3 b6 31. g4 bxc5 32. Red1 Rxd6 33. Rxd6 Bf7 34. Bxc6 Re7 35. exf7 Kxf7 36. Bd5+ Kg7 37. Rd8 Re3 38. Kg2 Rd3 39. Rg8+ Kh6 40. Be6 Rd2+ 41. Kg3 Rd3+ 42. Kh4 c4 43. Bxc4 Ra3 44. Rf8 Kg7 45. Rf7+ Kh6 46. Rxf6+ Kg7 47. Rf7+ Kh6 48. g5# 1-0


[Site "https://www.chess.com"]

[Event "Titled Tuesday Blitz May 16 Early 2023"]
[White "Smietanska, Wiktoria"]
[Black "Seinw1"]
[WhiteFideId "21869359"]
[WhiteElo "1995"]
[BlackElo "2567"]
[Result "0-1"]
[Round "01"]
[TimeControl "180+2"]
[Date "2023.05.16"]
[WhiteClock "0:00:43"]
[BlackClock "0:01:30"]

1. c4 c5 2. Nf3 Nc6 3. Nc3 g6 4. e3 Bg7 5. d4 cxd4 6. exd4 d6 7. d5 Ne5 8. Nxe5 Bxe5 9. Be3 Bf5 10. Bd4 Bxd4 11. Qxd4 Nf6 12. Be2 O-O 13. O-O a6 14. g4 Bc8 15. g5 Nd7 16. h4 Qb6 17. Qd2 Ne5 18. h5 Bf5 19. h6 Rac8 20. b3 f6 21. Kg2 fxg5 22. Qxg5 Rf6 23. f4 Qe3 24. fxe5 Qxg5+ 0-1


[Site "https://www.chess.com"]

[Event "Titled Tuesday Blitz May 16 Early 2023"]
[White "Han, Yichen"]
[Black "Tarnowska, Aleksandra"]
[WhiteFideId "1054430"]
[BlackFideId "1180967"]
[WhiteElo "2342"]
[BlackElo "1776"]
[Result "1-0"]
[Round "01"]
[TimeControl "180+2"]
[Date "2023.05.16"]
[WhiteClock "0:01:50"]
[BlackClock "0:00:00"]

1. d4 d5 2. c4 e6 3. g3 Nf6 4. Bg2 Bb4+ 5. Nd2 O-O 6. Nf3 dxc4 7. Qc2 Nc6 8. O-O Nxd4 9. Nxd4 Qxd4 10. Nxc4 Qd7 11. Bf4 Qe7 12. Rfd1 Bc5 13. Rac1 Bb6 14. Nxb6 axb6 15. Bxc7 Ne8 16. Bxb6 Rxa2 17. Bc5 Qc7 18. Bxf8 Qxc2 19. Rxc2 Kxf8 20. Rxc8 Ke7 21. Rb8 Rxb2 22. Rxb7+ Rxb7 23. Bxb7 Nd6 24. Bf3 f5 25. Rf1 g5 26. h4 g4 27. Bg2 e5 28. Re1 Kf6 29. Ra1 f4 30. Ra6 Ke6 31. Ra4 Kf5 32. Ra6 Nc4 33. gxf4 exf4 34. Rh6 Nd2 35. Rxh7 f3 36. Bf1 Kf4 37. e3+ Ke4 38. h5 1-0


[Site "https://www.chess.com"]

[Event "Titled Tuesday Blitz May 16 Early 2023"]
[White "Da Matta, Eduardo Cesar"]
[Black "Gontcharov, Vladislav"]
[WhiteFideId "2193108"]
[BlackFideId "4123492"]
[WhiteElo "1981"]
[BlackElo "2420"]
[Result "1-0"]
[Round "01"]
[TimeControl "180+2"]
[Date "2023.05.16"]
[WhiteClock "0:00:09"]
[BlackClock "0:00:00"]

1. d4 Nf6 2. c4 e6 3. Nc3 Bb4 4. e3 O-O 5. Bd3 d5 6. cxd5 exd5 7. Ne2 c6 8. O-O Re8 9. a3 Bd6 10. f3 c5 11. dxc5 Bxc5 12. Nd4 Nc6 13. Kh1 h6 14. Bc2 Ne5 15. e4 dxe4 16. Nb3 Bd6 17. Nxe4 Nxe4 18. Bxe4 Qe7 19. Be3 Be6 20. Nd4 Rad8 21. Nxe6 Qxe6 22. Qa4 b6 23. Qxa7 Nc4 24. Bg1 Be5 25. Rad1 Bxb2 26. Rxd8 Rxd8 27. Qc7 Rc8 28. Qf4 Bxa3 29. Bf5 Qe8 30. Bxc8 Qxc8 31. Ra1 b5 32. Bd4 Qe6 33. Qb8+ Kh7 34. Qxb5 Be7 35. Qb3 Bg5 36. h3 Qd5 37. Rd1 Qe6 38. Bf2 Ne5 39. Qc2+ Ng6 40. Re1 Qf6 41. Qe2 Bf4 42. Qe4 Qg5 43. Be3 Bxe3 44. Qxe3 Nf4 45. Qf2 Qf5 46. Re4 Ng6 47. Qd4 Qc8 48. Re1 Qc7 49. Qe4 h5 50. h4 Kh6 51. g3 Qxg3 52. Qe3+ Kh7 53. Qe4 Qh3+ 54. Kg1 Qg3+ 55. Kf1 Kh6 56. Qe3+ Nf4 57. Rc1 Qxh4 58. Rc4 g5 59. Re4 1-0


[Site "https://www.chess.com"]

[Event "Titled Tuesday Blitz May 16 Early 2023"]
[White "Erzhanov, Arman"]
[Black "MANOJ_MISHRA123"]
[WhiteFideId "4138821"]
[WhiteElo "2138"]
[BlackElo "2163"]
[Result "1-0"]
[Round "01"]
[TimeControl "180+2"]
[Date "2023.05.16"]
[WhiteClock "0:00:26"]
[BlackClock "0:00:11"]

1. e4 d6 2. d4 Nf6 3. Nc3 Nbd7 4. h3 e5 5. Nge2 Be7 6. g4 h6 7. Bg2 c6 8. a4 O-O 9. O-O g5 10. Ng3 Re8 11. Nf5 Bf8 12. h4 Nh7 13. hxg5 hxg5 14. d5 Ndf6 15. Bf3 Bxf5 16. gxf5 cxd5 17. Nxd5 Nxd5 18. Qxd5 Qb6 19. Bh5 Re7 20. Rd1 Rd7 21. c4 Nf6 22. Bxf7+ Rxf7 23. Qd3 g4 24. b3 g3 25. Be3 gxf2+ 26. Kxf2 Ng4+ 27. Kf3 Qxe3+ 28. Qxe3 Nxe3 29. Kxe3 Bh6+ 30. Kf3 Rd7 31. Rd5 Kf7 32. Rad1 Rad8 33. Rh1 Bg7 34. Rd2 Rh8 35. Rdh2 Rxh2 36. Rxh2 a6 37. Rd2 Bh6 38. Rd1 Bf4 39. Rd5 Ke7 40. Rd1 Kf6 41. Rd3 Bc1 42. Rd1 Bb2 43. Rh1 Bd4 44. Rh6+ Kg7 45. Rg6+ Kf7 46. Kg4 Bc5 47. Rh6 Kg7 48. Kh5 b5 49. axb5 axb5 50. Rg6+ Kh7 51. cxb5 Rb7 52. Rg3 Rxb5 53. f6 Rb7 54. Kg5 Kg8 55. Kf5+ Kf8 56. Ke6 Bb4 57. Rh3 Kg8 58. Rg3+ Kf8 59. Rh3 Kg8 60. Rh2 Rh7 61. Ra2 Rc7 62. Ra8+ Kh7 63. f7 d5 64. exd5 e4 65. d6 Bxd6 66. Kxd6 Rxf7 67. b4 Rb7 68. Kc5 Kg6 69. Re8 Kf5 70. b5 Kf4 71. Kc6 Rxb5 72. Kxb5 e3 73. Kc4 Kf3 74. Kd3 e2 75. Rxe2 1-0


[Site "https://www.chess.com"]

[Event "Titled Tuesday Blitz May 16 Early 2023"]
[White "Winkels, Marcel"]
[Black "Manukyan, Sargis V."]
[WhiteFideId "1003887"]
[BlackFideId "13303465"]
[WhiteElo "1900"]
[BlackElo "2236"]
[Result "0-1"]
[Round "01"]
[TimeControl "180+2"]
[Date "2023.05.16"]
[WhiteClock "0:00:00"]
[BlackClock "0:00:42"]

1. d4 Nf6 2. Nc3 d5 3. Bf4 a6 4. e3 c5 5. Nf3 Nc6 6. Be2 e6 7. O-O Be7 8. Ne5 O-O 9. a3 Nd7 10. Nxc6 bxc6 11. dxc5 e5 12. Bg3 Bxc5 13. b4 Bd6 14. Bf3 Bb7 15. h3 Qe7 16. Be2 f5 17. f4 exf4 18. exf4 Qe3+ 19. Kh2 Qxc3 20. Rb1 Qf6 21. Bd3 Rfe8 22. Re1 Qf7 23. Qd2 Rxe1 24. Rxe1 Nf8 25. Qe2 Ng6 26. Qf3 a5 0-1


[Site "https://www.chess.com"]

[Event "Titled Tuesday Blitz May 16 Early 2023"]
[White "Bruedigam, Martin"]
[Black "Jaivardhan Raj"]
[WhiteFideId "24608033"]
[BlackFideId "25744437"]
[WhiteElo "2331"]
[BlackElo "1772"]
[Result "1-0"]
[Round "01"]
[TimeControl "180+2"]
[Date "2023.05.16"]
[WhiteClock "0:02:00"]
[BlackClock "0:02:27"]

1. d4 Nf6 2. c4 e6 3. Nc3 b6 4. e4 Bb7 5. e5 Ne4 6. Nf3 Bb4 7. Qb3 a5 8. Bd3 Ng5 9. Bxg5 f6 10. exf6 gxf6 11. Bh4 Qe7 12. a3 Bxc3+ 13. Qxc3 Qg7 14. Bg3 h5 15. h4 Rg8 16. O-O-O Qh6+ 17. Kb1 Nc6 18. d5 Ke7 19. dxc6 Bxc6 20. Rhe1 1-0


[Site "https://www.chess.com"]

[Event "Titled Tuesday Blitz May 16 Early 2023"]
[White "Janaszak, Dawid"]
[Black "KSho99"]
[WhiteFideId "1119206"]
[WhiteElo "2220"]
[BlackElo "2144"]
[Result "1-0"]
[Round "01"]
[TimeControl "180+2"]
[Date "2023.05.16"]
[WhiteClock "0:00:39"]
[BlackClock "0:00:00"]

1. e4 e6 2. b3 d5 3. Bb2 dxe4 4. Nc3 Nf6 5. Qe2 Nbd7 6. O-O-O Bc5 7. g4 Qe7 8. g5 Nd5 9. Kb1 Ba3 10. Ba1 b6 11. Nxe4 Bb7 12. Bxg7 Rg8 13. Ba1 O-O-O 14. Nh3 Nb4 15. Bg2 Nc5 16. Bf6 Qd7 17. Nxc5 bxc5 18. Bxb7+ Kxb7 19. Nf4 Rde8 20. Rhe1 a5 21. Qc4 a4 22. d4 axb3 23. axb3 Qc6 24. c3 Nd5 25. Nxd5 exd5 26. Qa4 Qxa4 27. bxa4 c4 28. Ka2 Bd6 29. Rb1+ Kc6 30. Kb2 Rxe1 31. Rxe1 Ra8 32. Ra1 Kd7 33. h4 Ke6 34. Kc2 Kf5 35. a5 Kg4 36. a6 Kf3 37. a7 Kxf2 38. Ra5 1-0


[Site "https://www.chess.com"]